 Dungeon Crawl Stone Soup version 0.30.0-5-g1a98f26d00 (webtiles) character file.

Game seed: 5539259799834986324

233 Exaltedone87 the Covered (level 5, -2/48 HPs)
             Began as an Armataur Fighter on May 13, 2023.
             Was an Initiate of Cheibriados.
             Slain by a lemure (6 damage)
             ... led by Pikel
             ... on level 4 of the Dungeon.
             The game lasted 00:02:33 (2838 turns).

Exaltedone87 the Covered (Armataur Fighter)         Turns: 2838, Time: 00:02:34

Health: -2/48      AC:  7    Str: 30    XL:     5   Next: 75%
Magic:  5/5        EV:  8    Int: 10    God:    Cheibriados [......]
Gold:   131        SH:  4    Dex: 10    Spells: 4/4 levels left

rFire   . . .        a - +0 flail
rCold   . . .        c - +0 buckler
rNeg    . . .        b - +0 scale mail
rPois   .            (no helmet)
rElec   .            (no cloak)
rCorr   .            (no gloves)
SInv    .            (no barding)
Will    .....        (no amulet) Stlth
                     n - +6 ring of strength
HPRegen 0.28/turn    (no ring)
MPRegen 0.09/turn

%: roll
@: mighty, lethally poisoned (-2 -> -5), very slow
A: large, rugged brown scales 3, deformed body, armoured tail, roll, long
tongue, awkward tongue
a: Renounce Religion


You were on level 4 of the Dungeon.
You worshipped Cheibriados.
Cheibriados was noncommittal.
You visited 1 branch of the dungeon, and saw 4 of its levels.

You collected 131 gold pieces.

Inventory:

Hand Weapons
 a - a +0 flail (weapon)
Armour
 b - a +0 scale mail (worn)
 c - a +0 buckler (worn)
 g - a +0 plate armour
Jewellery
 n - a +6 ring of strength (left hand)
Scrolls
 h - 3 scrolls of teleportation {unknown}
 i - a scroll of vulnerability {unknown}
 j - a scroll of fog {unknown}
 k - 2 scrolls of identify {unknown}
 o - a scroll of immolation {unknown}
 p - a scroll of noise {unknown}
Potions
 d - a potion of might
 e - a potion of cancellation {unknown}
 f - 3 potions of heal wounds {unknown}
 l - a potion of flight {unknown}
 m - 2 potions of curing {unknown}


   Skills:
 + Level 3.5 Fighting
 * Level 3.6 Maces & Flails
 + Level 4.7 Armour
 + Level 0.8 Dodging
 - Level 3.9 Shields
 + Level 1.2 Invocations


You had 4 spell levels left.
You didn't know any spells.
Your spell library contained the following spells:

 Spells                   Type           Power      Damage    Failure   Level
 Beastly Appendage        Tmut           0%         N/A       65%         1
 Freeze                   Ice            0%         1d3       65%         1
 Magic Dart               Conj           0%         1d3       65%         1
 Cigotuvi's Dreadful Rot  Necr/Pois/Air  0%         N/A       80%         2
 Searing Ray              Conj           0%         2d4       80%         2
 Wereblood                Tmut           0%         N/A       80%         2
 Frozen Ramparts          Ice            0%         1d1       95%         3
 Hailstorm                Conj/Ice       0%         3d3       95%         3
 Ignite Poison            Fire/Tmut/Pois 0%         N/A       95%         3
 Spider Form              Tmut/Pois      0%         N/A       95%         3
 Dispel Undead            Necr           0%         3d6       100%        4
 Fulminant Prism          Conj/Hex       0%         3d5       100%        4
 Freezing Cloud           Conj/Ice/Air   0%         6-21      100%        5
 Death Channel            Necr           0%         N/A       100%        6


Dungeon Overview and Level Annotations

Branches:
Dungeon (4/15)
 Temple: D:4-7

Altars:
Cheibriados
Yredelemnul

Annotations:
D:3 2 transporters, Cheops's ghost, amateur MiFi
D:4 Pikel


Innate Abilities, Weirdness & Mutations

You are completely covered in rugged brown scales. (AC +3, +7% HP)
Armour fits poorly on your strangely shaped body.
You have a long armoured tail.
You roll when moving toward enemies. (Rampage)
Your long tongue fully drains potion bottles. (2x potion effects)
Your tongue gives you trouble enunciating. (1.5x scroll delay)


Message History

The kobold throws a poisoned dart.
The poisoned dart hits you!
You are poisoned.
A lemure comes into view.
You feel sick.
The lemure shouts!
The kobold throws a poisoned dart.
The poisoned dart hits you.
You are more poisoned.
You feel sick.
The lemure hits you. x2; Pikel closely misses you.
The lemure closely misses you.
Unknown command.
You hit Pikel but do no damage. You tail-slap Pikel!
Pikel is moderately wounded.
You feel sick.
Pikel hits you with a +2 whip of flaming!
Pikel burns you. The kobold hits you but does no damage.
The lemure hits you but does no damage. The lemure barely misses you.
You completely miss Pikel.
Pikel is moderately wounded.
You feel sick. The kobold barely misses you. Pikel closely misses you.
The lemure hits you but does no damage. The lemure hits you.
You barely miss Pikel.
Pikel is moderately wounded.
You feel sick.
Pikel hits you with a +2 whip of flaming!
* * * LOW HITPOINT WARNING * * *
Pikel burns you.
* * * LOW HITPOINT WARNING * * *
You block the kobold's attack. The lemure hits you.
* * * LOW HITPOINT WARNING * * *
The lemure hits you.
* * * LOW HITPOINT WARNING * * *
The lemure hits you.
* * * LOW HITPOINT WARNING * * *
You are too injured to fight recklessly!
You feel very mighty all of a sudden.
You slurp down every last drop of the potion of might!
* * * LOW HITPOINT WARNING * * *
You feel sick. The lemure closely misses you. You block the kobold's attack.
You block Pikel's attack. The lemure hits you.
You die...

###################
......55..........#
......5@..........#
......K5K.........#
..................#
###
..................##
#..
...................#
#.#
.........[?........#
#.#
....)..............#
#.#
.............(.....#
#.#
#+#..#............#


You could see Pikel, 4 lemures and a kobold.

Vanquished Creatures
  A scorpion (D:3)
  A howler monkey (D:3)
  Natasha (D:3)
  A gnoll (D:1)
  5 adders
  4 worms (D:2)
  A dart slug (D:2)
  3 bats
  An endoplasm (D:1)
  4 giant cockroaches
  6 goblins
  6 hobgoblins
  3 kobolds
  6 ball pythons
  3 frilled lizards
  3 rats
49 creatures vanquished.

Notes
Turn   | Place    | Note
-------+----------+-------------------------------------------
     0 | D:1      | Exaltedone87 the Armataur Fighter began the quest for the
                  | Orb.
     0 | D:1      | Reached XP level 1. HP: 19/19 MP: 1/1
   165 | D:1      | Reached XP level 2. HP: 25/26 MP: 2/2
   857 | D:1      | Reached skill level 4 in Armour
   916 | D:1      | Reached XP level 3. HP: 32/32 MP: 3/3
  1120 | D:2      | You fall into a shaft and drop 1 floor!
  1394 | D:2      | Reached XP level 4. HP: 39/40 MP: 4/4
  1865 | D:3      | Found a basalt altar of Yredelemnul.
  1871 | D:3      | Found a snail-covered altar of Cheibriados.
  1944 | D:3      | Became a worshipper of Cheibriados the Contemplative
  2020 | D:3      | Found a transporter.
  2021 | D:3      | Found a transporter.
  2149 | D:3      | Reached XP level 5. HP: 35/48 MP: 5/5
  2220 | D:3      | Reached skill level 1 in Invocations
  2331 | D:3      | Noticed Natasha
  2338 | D:3      | Killed Natasha
  2544 | D:3      | Noticed Cheops's ghost (amateur MiFi)
  2831 | D:4      | Noticed a lemure
  2831 | D:4      | Noticed a lemure
  2831 | D:4      | Noticed Pikel
  2832 | D:4      | Noticed a lemure
  2832 | D:4      | Noticed a lemure
  2838 | D:4      | Slain by a lemure

Illustrated notes

Levels and vault maps discovered:
D:1:      lightli_arrival_statuegarden, layout_basic
D:2:      layout_basic
D:3:      layout_basic, mainiacjoe_overflow_large_starburst,
          gammafunk_ghost_gnarly_gnolls, uniq_natasha
D:4:      layout_basic, hangedman_abyss_or_decor_lesser_grid,
          chequers_serial_rivers_small_a, grunt_decor_junction, uniq_pikel

Skill      XL: |  1  2  3  4  5 |
---------------+----------------+-----
Maces & Flails | 2 3 |  3.6
Armour         | 4 |  4.7
Fighting       | 3 |  3.5
Invocations    | 1 |  1.2
Dodging        | |  0.8
Shields        | |  3.9

Action                     |  1- 3 |  4- 6 || total
---------------------------+-------+-------++-------
  Melee: Flail             |    96 |    59 ||   155
         Tailslap          |    14 |     7 ||    21
    Use: Potion            |       |     1 ||     1
 Armour: Scale mail        |    55 |    35 ||    90
  Dodge: Dodged            |    30 |    32 ||    62
  Block: Buckler           |    24 |    14 ||    38
